 Dungeon Crawl Stone Soup version 0.31-a0-640-g39d97e502b (webtiles) character file.

Game seed: 1070989115618556169

160305 RepHenryClay the Tortoise (level 17, 0/160 (163) HPs)
             Began as a Minotaur Cinder Acolyte on Aug 28, 2023.
             Was a High Priest of Okawaru.
             Slain by a +1 spectral quarterstaff (11 damage)
             ... created by a spriggan druid
             ... on level 4 of the Swamp.
             The game lasted 01:06:43 (37200 turns).

RepHenryClay the Tortoise (MiCA)                   Turns: 37200, Time: 01:06:43

HP:   0/160 (163)   AC: 35    Str: 24    XL:     17   Next: 17%
MP:   23/23         EV: 10    Int: 11    God:    Okawaru [*****.]
Gold: 1287          SH: 12    Dex: 12    Spells: 18/18 levels left

rFire   + . .        a - +9 eveningstar (freeze)
rCold   . . .        D - +2 buckler {AC+3}
rNeg    . . .        X - +8 chain mail {ponderous}
rPois   +            (helmet restricted)
rElec   .            n - +1 cloak of Tuliaff {Will++}
rCorr   .            Z - +1 pair of gloves {Dex+3}
SInv    .            E - +2 pair of boots
Will    +++..        O - amulet of reflection Stlth
                     M - ring of poison resistance
HPRegen 0.46/turn    i - ring of protection from fire
MPRegen 0.18/turn

%: reflection
@: about to teleport, grasped by roots, constricted, lightly drained, slow
A: horns 2, retaliatory headbutt
a: Renounce Religion, Heroism, Finesse, Duel


You were on level 4 of the Swamp.
You worshipped Okawaru.
Okawaru was extremely pleased with you.
You visited 5 branches of the dungeon, and saw 27 of its levels.
You also visited: Trove, Bailey and Ice Cave.

You collected 2920 gold pieces.
You spent 1633 gold pieces at shops.

Inventory:

Hand Weapons
 a - a +9 eveningstar of freezing (weapon)
 b - the +11 demon whip "Qiphaof" {flame, rN+++ Will+ Stlth+}
   (You found it in a treasure trove)

   rN+++:     It renders you almost immune to negative energy.
   Will+:     It increases your willpower.
   Stlth+:    It makes you more stealthy.
Missiles
 c - 10 javelins (quivered)
 d - 2 silver javelins
 u - 4 throwing nets
 w - 35 poisoned darts
 B - 10 darts of dispersal
 J - 2 atropa-tipped darts
 P - 6 curare-tipped darts
 W - 3 datura-tipped darts
Armour
 n - the +1 cloak of Tuliaff (worn) {Will++}
   (You acquired it in a bailey)

   Will++:    It greatly increases your willpower.
 z - the +0 leather armour of the Known World {Fly Int+3}
   (You found it on level 5 of the Dungeon)

   Int+3:     It affects your intelligence (+3).
   Fly:       It grants you flight.
 D - a +2 buckler of protection (worn)
 E - a +2 pair of boots (worn)
 R - a +0 chain mail of poison resistance
 X - a +8 chain mail of ponderousness (worn)
 Z - a +1 pair of gloves of dexterity (worn)
Jewellery
 i - a ring of protection from fire (right hand)
 p - a ring of protection from cold
 L - a ring of resist corrosion
 M - a ring of poison resistance (left hand)
 O - an amulet of reflection (around neck)
 Q - a ring of positive energy
 Y - a +4 ring of protection
Talismans
 H - a dragon-blood talisman
Wands
 k - a wand of paralysis (21)
 G - a wand of iceblast (17)
 I - a wand of acid (16)
 N - a wand of mindburst (21)
 U - a wand of digging (4)
Scrolls
 e - 2 scrolls of poison
 h - 6 scrolls of identify {@r1}
 m - 5 scrolls of enchant armour
 q - 3 scrolls of fear
 v - 6 scrolls of amnesia
 x - a scroll of brand weapon
 y - 2 scrolls of revelation
 K - 2 scrolls of teleportation
 S - a scroll of enchant weapon
 V - a scroll of fog
Potions
 g - a potion of ambrosia
 j - a potion of might
 l - 2 potions of invisibility
 o - a potion of curing
 r - 4 potions of brilliance
 s - 3 potions of mutation
 t - a potion of magic
 A - 3 potions of haste
 C - 2 potions of cancellation
 F - a potion of heal wounds
 T - 2 potions of enlightenment


   Skills:
 * Level 17.9 Fighting
 - Level 16.0 Maces & Flails
 - Level 11.0 Throwing
 * Level 18.9 Armour
 + Level 12.3 Dodging
 - Level 7.0 Shields
 - Level 1.1 Spellcasting
 - Level 2.3 Fire Magic
 - Level 10.0 Invocations


You had 18 spell levels left.
You didn't know any spells.
Your spell library contained the following spells:

 Spells                   Type           Power      Damage    Failure   Level
 Scorch                   Fire           10%        2d5       54%         2
 Foxfire                  Conj/Fire      12%        2x1d4     56%         1
 Apportation              Tloc           0%         N/A       73%         1
 Sting                    Tmut/Pois      0%         1d3       73%         1
 Cigotuvi's Dreadful Rot  Necr/Pois/Air  0%         N/A       86%         2
 Lesser Beckoning         Tloc           0%         N/A       86%         2
 Poisonous Vapours        Pois/Air       0%         N/A       86%         2
 Ignite Poison            Fire/Tmut/Pois 2%         N/A       94%         3
 Dazzling Flash           Conj/Hex       0%         N/A       97%         3
 Frozen Ramparts          Ice            0%         1d1       97%         3
 Gell's Gravitas          Tloc           0%         N/A       97%         3
 Mephitic Cloud           Conj/Pois/Air  0%         N/A       97%         3
 Teleport Other           Tloc           0%         N/A       97%         3
 Dispel Undead            Necr           0%         3d6       100%        4
 Flame Wave               Conj/Fire      3%         2d5       100%        4
 Fulminant Prism          Conj/Hex       0%         3d5       100%        4
 Olgreb's Toxic Radiance  Pois           0%         N/A       100%        4
 Petrify                  Tmut/Erth      0%         N/A       100%        4
 Vhi's Electric Charge    Tloc/Air       0%         N/A       100%        4
 Agony                    Necr           0%         N/A       100%        5
 Alistair's Intoxication  Tmut/Pois      0%         N/A       100%        5
 Arcjolt                  Conj/Air       0%         1d10      100%        5
 Freezing Cloud           Conj/Ice/Air   0%         6-21      100%        5
 Lee's Rapid Deconstruct  Erth           0%         3d4*      100%        5
 Metabolic Englaciation   Hex/Ice        0%         N/A       100%        5
 Silence                  Hex/Air        0%         N/A       100%        5
 Dispersal                Tloc           0%         N/A       100%        6
 Plasma Beam              Fire/Air       1%         2x1d11    100%        6
 Starburst                Conj/Fire      1%         6d3       100%        6
 Discord                  Hex            0%         N/A       100%        8
 Ignition                 Fire           2%         3d3       100%        8
 Maxwell's Capacitive Co  Air            0%         ∞         100%        8
 Animate Armour           Summ/Erth      Unusable   N/A       N/A         4
 Summon Lightning Spire   Summ/Air       Unusable   N/A       N/A         4
 Death Channel            Necr           Unusable   N/A       N/A         6
 Summon Cactus Giant      Summ           Unusable   N/A       N/A         6

Dungeon Overview and Level Annotations

Branches:
Dungeon (15/15)              Lair (5/5) D:10          Swamp (4/4) Lair:2
 Spider (1/4) Lair:3        Slime (0/5) Lair:5          Orc (2/2) D:9
    Elf (0/3) Orc:2        Vaults (0/5) D:14         Depths (0/4) D:15
 Bailey (visited)           IceCv (visited)
 Temple: D:4-7

Altars:
Ashenzari
Cheibriados
Dithmenos
Elyvilon
Fedhas
Kikubaaqudgha
Makhleb
Nemelex Xobeh
Okawaru
Qazlal
Vehumet
Wu Jian
Yredelemnul
The Shining One
Jiyva

Shops:
D:5 :   D:7 [   D:10 [   D:13 :   Orc:1 (   Orc:2 [??=(

Annotations:
D:6 Jeremiah
D:9 1 runed translucent door
D:10 unfinished
Lair:3 exclusion: oklob plant
Swamp:1 2 transporters
Swamp:2 3 runed translucent doors, Naistiu's ghost, adept DESu
Swamp:4 exclusion: oklob plant


Innate Abilities, Weirdness & Mutations

You have a pair of horns on your head.
You reflexively headbutt those who attack you in melee.


Message History

The thorn hunter fires a volley of thorns at you.
The volley of thorns hits you!!
* * * LOW HITPOINT WARNING * * *
The shambling mangrove hits you but does no damage.
Huge Dmg: -13%(-20hp) hp: 13%(20hp)
Okay, then.
Okay, then.
You feel much better.
The spriggan druid splashes around in the water.
You block the thorn hunter's attack. x2
The spriggan druid points at you and mumbles some strange words.
The stone arrow misses you.
The shambling mangrove barely misses you.
You furiously retaliate!
You headbutt the shambling mangrove!
Roots burst forth from the earth!
The grasping roots grab you! The grasping roots constrict you.
You bludgeon the thorn hunter!! You freeze the thorn hunter.
You headbutt the thorn hunter.
You destroy the thorn hunter!
Okawaru accepts your kill. Tree limbs sway around you.
The spriggan druid hits you but does no damage.
You block the +1 spectral quarterstaff's attack.
You block the spriggan druid's attack.
A +1 spectral quarterstaff comes into view.
You barely miss the spriggan druid.
The forest calms down.
The shambling mangrove barely misses you.
The spriggan druid hits you with a +1 spectral quarterstaff!
* * * LOW HITPOINT WARNING * * *
The +1 spectral quarterstaff closely misses you.
The grasping roots constrict you!!
* * * LOW HITPOINT WARNING * * *
Huge Dmg: -19%(-31hp) hp: 7%(10hp) Blink to where?
Press: ? - help, Dir - move target The roots grasp on you weakens, but your attempt to escape fails.
As you read the scroll of blinking, it crumbles to dust.
The briar patch crumbles away.
The +1 spectral quarterstaff hits you!
You die...

.(.♣ ~. ###..~ ♣♣## ♣~.♣ ## #.#
##~~~~~ ♣~.## ♣.~♣♣♣♣[#♣..#
##~§<♣♣♣ ♣.~~## ♣..~.P.♣..~.#
♣~~~...♣ ♣~~~~#♣♣♣.~~♣...~~.♣
♣..~.~~~ ♣♣♣♣♣.~~~~♣ ##...~~~.#
♣<.[.~~~ ♣♣~~♣♣♣~.~.♣####f~~.~♣#
♣. ♣.~).~~. .~.~.§♣~.~..~#
♣f~i~♣# ♣.. ♣♣...~~.
~♣.~~~~~~§...####@i#♣ #~♣
♣♣..~~~~♣
.!...~~~~~♣♣♣.###.(.##.♣
♣♣.~.~♣♣♣♣
..~~..~~.♣♣♣♣♣♣.~~~=.~~♣ ♣~§.♣♣♣
♣ ...~..~~~~.~....~.~..♣♣♣
♣~.~§~♣
~~.~..~~~~...~~.~.~~§~~♣♣♣.~~~.♣
~~~~..~....~.~...~..~~~....~~~.♣
.~§.~~≈≈~~~~~~.~~~..~~~~~[~~~.~♣
~~.~~≈≈≈≈≈≈~)♣♣~.~♣)♣~~.~~~~~.~♣
~~.~≈≈≈≈≈≈≈~.~♣.♣♣♣≈♣♣~~~~~~~~.♣


You could see 2 shambling mangroves, 2 spriggan druids and a +1 spectral
quarterstaff.

Vanquished Creatures
  Jorgrun (Swamp:3)
  2 thorn hunters
  Kirke (D:14)
  A tengu reaver (D:14)
  A fenstrider witch (Swamp:3)
  An emperor scorpion (Spider:1)
  An ironbound preserver (D:14)
  A hydra skeleton (Swamp:4)
  Nessos (Lair:4)
  2 vampire knights (Swamp:4)
  4 dire elephants (Lair:5)
  5 eleionomae
  2 bunyips (Swamp:2)
  Snorg (D:10)
  The ghost of thirtiethelement the Carver, a journeyman DsHu of Trog (Orc:2)
  A shambling mangrove (Swamp:4)
  A fire dragon (D:10)
  A rakshasa (D:14)
  4 catoblepae
  Erolcha (D:9)
  3 ghost crabs
  8 hydras
  3 ogre magi
  6 alligators
  Erica (D:8)
  6 centaur warriors
  9 two-headed ogres
  A death knight (D:13)
  9 death yaks
  2 orc high priests
  A sun demon (D:10)
  Urug (Lair:2)
  2 soul eaters
  A skyshark (Lair:4)
  A spectral death yak (Lair:5)
  A pharaoh ant (Lair:3)
  2 sixfirhies (D:10)
  A spectral anaconda (Lair:5)
  5 skeletal warriors
  A spark wasp zombie (D:15)
  A flayed ghost (D:15)
  2 spriggan druids
  3 spectral hydras (Swamp:4)
  A goliath frog (Swamp:3)
  7 bog bodies
  17 swamp dragons
  A phantasmal warrior (Swamp:3)
  A harpy (shapeshifter) (D:14)
  3 harpies (D:15)
  7 ugly things
  4 orc knights
  A fire giant zombie (D:15)
  An obsidian statue (Lair:5)
  4 necromancers
  A wizard (D:14)
  A deep elf zephyrmancer (D:15)
  4 cyclopes
  11 orc sorcerers
  2 will-o-the-wisps (Swamp:3)
  A deep elf pyromancer (D:15)
  7 manticores
  A dire elephant zombie (Lair:5)
  2 black mambas
  Maurice (D:8)
  2 ice statues (IceCv)
  A fire giant skeleton (D:15)
  A rust devil (D:10)
  23 elephants
  A gargoyle (D:12)
  An orange demon (D:10)
  8 cane toads
  5 rime drakes
  3 kobold demonologists
  2 tengu conjurers (D:14)
  An efreet (D:14)
  10 komodo dragons
  2 freezing wraiths
  5 hydra zombies (Swamp:4)
  6 ice devils (IceCv)
  8 trolls
  A spriggan skeleton (D:15)
  A polar bear (Lair:4)
  A tarantella (Lair:3)
  2 red devils (D:10)
  3 death drake zombies (Swamp:4)
  2 hellwings (D:10)
  11 hornets
  7 tyrant leeches
  Prince Ribbit (D:5)
  5 dream sheep (Lair:5)
  13 blink frogs
  3 spectral elephants (Lair:5)
  2 jumping spiders (Lair:3)
  12 slime creatures
  11 spriggans
  2 ynoxinuls (D:10)
  2 shadows
  45 yaks
  2 vampires (D:12)
  3 wyverns
  Eustachio (D:4)
  2 wraiths
  10 fire elementals
  A hog (D:14)
  2 steam dragons (D:9)
  A hog (shapeshifter) (D:13)
  Grum (D:11)
  A chaos spawn (D:9)
  A human (shapeshifter) (D:13)
  2 basilisks
  A neqoxec (D:10)
  A death yak simulacrum (Lair:5)
  6 humans (D:14)
  A harpy simulacrum (IceCv)
  2 spectral cane toads (Lair:5)
  14 swamp worms
  11 vampire mosquitoes
  4 wargs
  An acid dragon (D:14)
  10 water moccasins
  3 hydra simulacra (Swamp:4)
  27 orc warriors
  A swamp dragon zombie (Swamp:4)
  9 swamp drakes
  3 black bears
  A sky beast (D:7)
  2 elephant zombies (Lair:5)
  9 ogres
  7 centaurs
  11 wolves
  2 swamp dragon skeletons (Swamp:4)
  A phantom (D:6)
  A kobold brigand (D:12)
  13 bullfrogs
  2 scorpions (D:5)
  2 two-headed ogre simulacra (IceCv)
  2 cane toad simulacra
  20 wights
  8 killer bees
  A killer bee (shapeshifter) (D:13)
  2 elephant simulacra
  10 electric eels
  3 howler monkeys (D:7)
  A hound (D:6)
  A quasit (D:9)
  A gnoll bouda (D:8)
  12 orc priests
  A sleepcap (D:7)
  Jessica (D:3)
  2 iguanas
  43 orc wizards
  5 hell rats (Lair:2)
  12 gnolls
  5 adders
  A shadow imp (D:7)
  An ufetubus (D:5)
  2 worms
  3 dart slugs
  99 orcs
  4 endoplasms
  A giant cockroach (D:3)
  14 goblins
  11 hobgoblins
  3 jackals (D:2)
  6 quokkas
  4 ball pythons
  6 bats
  2 frilled lizards
  14 kobolds
  7 rats
864 creatures vanquished.

Vanquished Creatures (others)
  A bloated husk (Swamp:3)
  A hornet (Swamp:3)
  2 orc wizards
  32 foxfires
36 creatures vanquished.

Grand Total: 900 creatures vanquished

Notes
Turn   | Place    | Note
-------+----------+-------------------------------------------
     0 | D:1      | RepHenryClay the Minotaur Cinder Acolyte began the quest
                  | for the Orb.
     0 | D:1      | Reached XP level 1. HP: 19/19 MP: 1/1
   161 | D:1      | Reached XP level 2. HP: 15/27 MP: 2/2
   263 | D:1      | Found a faded altar of an unknown god.
   753 | D:2      | Reached skill level 1 in Armour
   813 | D:2      | Reached XP level 3. HP: 30/33 MP: 3/3
  1082 | D:2      | Got the Almanac of Damaging Transposition
  1125 | D:2      | Identified the +9 whip of the Hand {antimagic, Drain rC+
                  | rN+ Will+}
  1138 | D:2      | Found a shadowy altar of Dithmenos.
  1578 | D:3      | Reached skill level 2 in Armour
  1691 | D:3      | Noticed Jessica
  1695 | D:3      | Killed Jessica
  1696 | D:3      | Reached skill level 5 in Maces & Flails
  1696 | D:3      | Reached XP level 4. HP: 40/40 MP: 1/4
  2011 | D:3      | Reached skill level 3 in Armour
  2437 | D:4      | Reached XP level 5. HP: 46/46 MP: 1/5
  2465 | D:4      | Noticed an ogre
  2470 | D:4      | Killed an ogre
  2471 | D:4      | Reached skill level 4 in Armour
  2601 | D:4      | Noticed Eustachio
  2614 | D:4      | Killed Eustachio
  2615 | D:4      | Reached skill level 5 in Armour
  2615 | D:4      | Reached XP level 6. HP: 52/52 MP: 2/6
  2872 | D:4      | Found a radiant altar of Vehumet.
  3040 | D:5      | Entered Level 5 of the Dungeon
  3043 | D:5      | Identified the +0 leather armour of the Known World {Fly
                  | Int+3}
  3062 | D:5      | Reached XP level 7. HP: 47/58 MP: 2/7
  3213 | D:5      | Found a broken altar of Ashenzari.
  3260 | D:5      | Reached skill level 6 in Armour
  3539 | D:5      | Reached skill level 7 in Armour
  3677 | D:5      | Noticed a hornet
  3686 | D:5      | Killed a hornet
  3687 | D:5      | Reached XP level 8. HP: 38/66 MP: 2/8
  3989 | D:5      | Found a blossoming altar of Fedhas.
  3992 | D:5      | Found a stormy altar of Qazlal.
  3992 | D:5      | Found a burning altar of Makhleb.
  3993 | D:5      | Found a shadowy altar of Dithmenos.
  4089 | D:5      | Found an ornate altar of the Wu Jian Council.
  4113 | D:5      | Noticed Prince Ribbit
  4121 | D:5      | Killed Prince Ribbit
  4122 | D:5      | Reached skill level 8 in Armour
  4260 | D:5      | Found Xumelithrat's Book Emporium.
  4920 | D:6      | Noticed Jeremiah
  4952 | D:6      | Found a snail-covered altar of Cheibriados.
  5203 | D:7      | Reached skill level 9 in Armour
  5207 | D:7      | Reached skill level 10 in Maces & Flails
  5317 | D:6      | Reached XP level 9. HP: 25/71 MP: 3/9
  5547 | D:7      | Reached skill level 10 in Armour
  5569 | D:7      | Found a flagged portal.
  5578 | Bailey   | Entered a bailey
  6064 | Bailey   | Noticed an orc knight
  6096 | Bailey   | Noticed an orc sorcerer
  6120 | Bailey   | Killed an orc sorcerer
  6121 | Bailey   | Reached skill level 5 in Fighting
  6487 | Bailey   | Killed an orc knight
  6820 | Bailey   | Reached skill level 1 in Throwing
  6820 | Bailey   | Reached XP level 10. HP: 90/90 MP: 3/10
  6853 | Bailey   | Acquired the +1 cloak of Tuliaff {Will++}
  6896 | Bailey   | Noticed an orc knight
  6923 | Bailey   | Noticed an orc high priest
  7056 | Bailey   | Killed an orc knight
  7315 | Bailey   | Found an iron altar of Okawaru.
  7404 | Bailey   | Killed an orc high priest
  7405 | Bailey   | Reached skill level 5 in Throwing
  7878 | D:7      | Found Rihuap's Antique Armour Emporium.
  7886 | D:7      | Bought a pair of runed boots for 195 gold pieces
  8098 | D:8      | Found a glowing golden altar of the Shining One.
  8293 | D:8      | Noticed Maurice
  8303 | D:8      | Killed Maurice
  8304 | D:8      | Reached skill level 1 in Dodging
  8574 | D:8      | Found a basalt altar of Yredelemnul.
  8594 | D:8      | Found a sparkling altar of Nemelex Xobeh.
  8612 | D:8      | Noticed Erica
  8639 | D:8      | Killed Erica
  8640 | D:8      | Reached skill level 10 in Fighting
  8640 | D:8      | Reached skill level 11 in Armour
  9189 | D:9      | Reached XP level 11. HP: 55/101 MP: 3/11
  9521 | D:9      | Found an iron altar of Okawaru.
  9521 | D:9      | Found a runed translucent door.
  9589 | D:9      | Noticed Erolcha
  9597 | D:9      | Killed Erolcha
  9777 | D:9      | Found a staircase to the Orcish Mines.
  9996 | D:9      | Noticed a two-headed ogre
  9997 | D:9      | Found the +0 toga "Victory" {*Victory Clar}
 10024 | D:9      | Reached skill level 12 in Armour
 10483 | D:10     | Entered Level 10 of the Dungeon
 10520 | D:10     | Noticed a sixfirhy
 10528 | D:10     | Killed a sixfirhy
 10808 | D:10     | Noticed a centaur warrior
 10808 | D:10     | Noticed a fire dragon
 10986 | Orc:1    | Entered Level 1 of the Orcish Mines
 10986 | Orc:1    | Noticed an orc knight
 11007 | D:9      | Killed an orc knight
 11141 | Orc:1    | Noticed an orc high priest
 11144 | Orc:1    | Noticed an orc sorcerer
 11153 | D:9      | Noticed a soul eater
 11461 | D:9      | Killed an orc high priest
 11478 | D:9      | Killed an orc sorcerer
 11479 | D:9      | Reached skill level 13 in Armour
 11479 | D:9      | Reached skill level 5 in Dodging
 12019 | D:10     | Noticed a sun demon
 12030 | D:10     | Killed a sun demon
 12160 | D:11     | Noticed a sea snake
 12270 | D:11     | Noticed Grum
 12283 | D:11     | Killed Grum
 12346 | D:11     | Found a frozen archway.
 12412 | IceCv    | Entered an ice cave
 12443 | IceCv    | Reached XP level 12. HP: 113/113 MP: 4/12
 12707 | IceCv    | Reached skill level 14 in Armour
 12951 | IceCv    | Noticed a reaper
 13910 | D:10     | Noticed Snorg
 13922 | D:10     | Killed Snorg
 13923 | D:10     | Noticed a death yak
 13952 | D:11     | Killed a death yak
 13997 | D:10     | Found a staircase to the Lair.
 14012 | D:10     | Found Welei's Armour Shoppe.
 14604 | D:10     | Killed a fire dragon
 14661 | D:10     | Reached skill level 15 in Armour
 15153 | D:10     | Killed a centaur warrior
 15653 | D:10     | Found a staircase to the Lair.
 15718 | D:10     | Found Welei's Armour Shoppe.
 16305 | Orc:2    | Entered Level 2 of the Orcish Mines
 16684 | Orc:1    | Reached XP level 13. HP: 105/125 MP: 4/13
 16771 | Orc:1    | Found Qauful's Firing Range.
 16917 | D:9      | Fell from the grace of Ignis
 16917 | D:9      | Became a worshipper of Warmaster Okawaru
 17004 | Lair:1   | Entered Level 1 of the Lair of Beasts
 17143 | Lair:1   | HP: 6/125 [fire elemental[the fiery vengeance of Ignis]
                  | (9)]
 17144 | Lair:1   | HP: 1/125 [fire elemental[the fiery vengeance of Ignis]
                  | (10)]
 17222 | Lair:1   | You fall into a shaft and drop 1 floor!
 17365 | Lair:2   | You fall into a shaft and drop 2 floors!
 17433 | Lair:4   | Reached * piety under Okawaru
 17458 | Lair:4   | Noticed Nessos
 18864 | Lair:2   | Reached ** piety under Okawaru
 18872 | Lair:2   | You fall into a shaft and drop 2 floors!
 19516 | Lair:2   | Noticed Urug
 19528 | Lair:2   | Killed Urug
 19617 | Lair:2   | Reached skill level 10 in Dodging
 20248 | Lair:2   | You fall into a shaft and drop 1 floor!
 20252 | Lair:3   | Reached *** piety under Okawaru
 20384 | Lair:2   | Found a staircase to the Swamp.
 20682 | Lair:3   | Found a hole to the Spider Nest.
 20723 | Lair:3   | Identified the +1 quarterstaff of the Assorted Ziggurats
                  | {flame, *Rage rCorr Str+4}
 20961 | Lair:3   | Was forgiven by Ignis
 21153 | Lair:3   | Reached **** piety under Okawaru
 21946 | Lair:4   | Received a gift from Okawaru
 21951 | Lair:4   | Reached skill level 1 in Invocations
 21951 | Lair:4   | Reached XP level 14. HP: 111/133 MP: 14/14
 22057 | Lair:4   | Received a gift from Okawaru
 22075 | Lair:4   | Reached skill level 15 in Maces & Flails
 22080 | Lair:4   | Reached ***** piety under Okawaru
 22086 | Lair:4   | Killed Nessos
 22441 | Lair:4   | Reached skill level 1 in Shields
 23077 | Lair:4   | Received a gift from Okawaru
 23143 | Lair:5   | Entered Level 5 of the Lair of Beasts
 23175 | Lair:5   | Found a staircase to the Slime Pits.
 23175 | Lair:5   | Found a viscous altar of Jiyva.
 23398 | Lair:5   | Identified the +4 flail of the Shouting Whale {freeze,
                  | Str+2} (Okawaru gifted it to you on level 5 of the Lair of
                  | Beasts)
 23398 | Lair:5   | Received a gift from Okawaru
 23712 | Lair:5   | Reached skill level 5 in Invocations
 24065 | Lair:5   | Reached skill level 5 in Shields
 25198 | Lair:5   | Received a gift from Okawaru
 25839 | Orc:2    | Found a large runed translucent door.
 25839 | Orc:2    | Found a large runed translucent door.
 25851 | Orc:2    | Noticed thirtiethelement's ghost (journeyman DsHu)
 26007 | Orc:2    | Found Qaroxt's Weapon Boutique.
 26010 | Orc:2    | Found a staircase to the Elven Halls.
 26166 | Orc:2    | Killed thirtiethelement's ghost
 26241 | Orc:2    | Found Tynata's Jewellery Shoppe.
 26247 | Orc:2    | Received a gift from Okawaru
 26284 | Orc:2    | Reached XP level 15. HP: 135/139 MP: 20/20
 26321 | Orc:2    | Found a radiant altar of Vehumet.
 26348 | Orc:2    | Received a gift from Okawaru
 26471 | Orc:2    | Found Guphuc's Magic Scroll Emporium.
 26508 | Orc:2    | Found an ancient bone altar of Kikubaaqudgha.
 26571 | Orc:2    | Found Cyatwote's Magic Scroll Shoppe.
 26579 | Orc:2    | Found Bateloediy's Antique Armour Shoppe.
 26701 | Orc:2    | Bought a pair of runed gloves for 202 gold pieces
 26721 | Orc:2    | Bought a scroll of teleportation for 42 gold pieces
 26721 | Orc:2    | Bought a scroll of teleportation for 42 gold pieces
 26739 | Orc:2    | Bought a scroll of teleportation for 36 gold pieces
 26739 | Orc:2    | Bought a scroll of revelation for 90 gold pieces
 26739 | Orc:2    | Bought a scroll of teleportation for 36 gold pieces
 26739 | Orc:2    | Bought a scroll of enchant armour for 90 gold pieces
 26739 | Orc:2    | Bought a scroll of revelation for 90 gold pieces
 26770 | Orc:2    | Bought a ring of protection from fire for 450 gold pieces
 26978 | D:12     | Received a gift from Okawaru
 27438 | D:12     | Reached skill level 10 in Invocations
 27781 | D:13     | Found Araloucs's Book Shoppe.
 27808 | D:13     | Reached skill level 15 in Fighting
 28402 | D:14     | Reached skill level 16 in Armour
 28549 | D:14     | Received a gift from Okawaru
 28646 | D:14     | Found a portal to a secret trove of treasure.
 28669 | Trove    | Entered a treasure trove
 28677 | Trove    | Identified the +11 demon whip "Qiphaof" {flame, rN+++ Will+
                  | Stlth+}
 28679 | Trove    | Identified the +6 mace of Punishment {freeze, rPois}
 28683 | Trove    | Identified the +9 whip of Yvvut {heavy, rElec rN+ Dex-5
                  | SInv}
 28693 | Trove    | Identified the +0 morningstar of the Six Gods {distort,
                  | Int+3}
 28911 | D:14     | Found a white marble altar of Elyvilon.
 28913 | D:14     | Identified the +5 rapier of Painful Death {heavy, Stlth+}
 28971 | D:14     | Noticed Kirke
 28980 | D:14     | Killed Kirke
 29226 | D:14     | Found a gate to the Vaults.
 29715 | D:15     | Entered Level 15 of the Dungeon
 30565 | D:15     | Reached skill level 17 in Armour
 30766 | D:15     | Reached XP level 16. HP: 58/152 MP: 22/22
 30771 | D:15     | Found a staircase to the Depths.
 30986 | D:15     | Identified the +0 ring mail of the Scribe {Will+ Str-2
                  | Int+3}
 31325 | D:15     | Found a glowing golden altar of the Shining One.
 31765 | D:14     | Noticed a tengu reaver
 31790 | D:14     | Killed a tengu reaver
 32171 | Swamp:1  | Entered Level 1 of the Swamp
 32538 | Spider:1 | Entered Level 1 of the Spider Nest
 32638 | Swamp:1  | Found a transporter.
 33045 | Swamp:1  | Found a transporter.
 33182 | Swamp:1  | Reached skill level 18 in Armour
 33616 | Orc:2    | Bought a ring of poison resistance for 360 gold pieces
 34109 | Swamp:2  | Identified the +1 leather armour of Gestures {rC+ Str+3
                  | Dex+6}
 34123 | Swamp:2  | Received a gift from Okawaru
 34248 | Swamp:2  | Received a gift from Okawaru
 34484 | Swamp:2  | Found a runed translucent gate.
 34484 | Swamp:2  | Found a runed translucent gate.
 34484 | Swamp:2  | Found a runed translucent gate.
 34484 | Swamp:2  | Noticed Naistiu's ghost (adept DESu)
 34739 | Swamp:3  | Noticed Jorgrun
 34766 | Swamp:3  | Reached skill level 10 in Throwing
 35499 | Swamp:3  | Identified the +10 orcbow of Brutal Revenge {drain, Fragile
                  | Str+3 Int+9}
 35614 | Swamp:3  | Killed Jorgrun
 35735 | Swamp:4  | Entered Level 4 of the Swamp
 35735 | Swamp:4  | Noticed a thorn hunter
 35750 | Swamp:3  | Killed a thorn hunter
 36267 | Swamp:4  | Reached XP level 17. HP: 151/163 MP: 23/23
 36700 | Swamp:4  | Received a gift from Okawaru
 36730 | Swamp:4  | Reached ****** piety under Okawaru
 37185 | Swamp:4  | Found a blossoming altar of Fedhas.
 37200 | Swamp:4  | Slain by a +1 spectral quarterstaff

Illustrated notes

Levels and vault maps discovered:
D:1:      evilmike_arrival_plus, layout_basic, shapermc_ecumenical_altar_venn
D:2:      layout_basic, basic_altar
D:3:      layout_basic, uniq_jessica
D:4:      layout_cave_pools, vehumet_altar_wand_db, uniq_eustachio
D:5:      layout_basic, evilmike_ruin_ashenzari, nicolae_wu_jian_glorious_leap,
          grunt_temple_overflow_open, serial_shops, nicolae_lakefront_shop,
          grunt_decor_one_mirror, minmay_misc_feat_columns, uniq_prince_ribbit1
D:6:      layout_loops_ring, kennysheep_slug_shrine, temple_green, uniq_jeremiah
D:7:      layout_cave_pools, serial_shops, shop_statue, enter_bailey_3
D:8:      layout_loops_ring, mainiacjoe_overflow_alcove_1,
          nemelex_diamond_rough_becter, lemuel_round_altar, uniq_erica,
          uniq_maurice
D:9:      layout_loops_ring, nicolae_overflow_guarded_unrand_okawaru_victory,
          hiddenorc2_lemuel, uniq_erolcha
D:10:     kennysheep_big_flooded_room, layout_gridville, david_lair_generic,
          serial_shops, shop, serial_demonic, serial_demonic_a,
          serial_demonic_b, serial_demonic_c, serial_demonic_g,
          serial_demonic_g, serial_demonic_d, serial_demonic_e, uniq_snorg
D:11:     layout_roguey, serial_aquarium, aquarium_bridge_island_small
          [aquarium_subvault_small_open, aquarium_subvault_window,
          aquarium_subvault_bridge, aquarium_subvault_wall,
          aquarium_subvault_window], aquarium_bridge_square
          [aquarium_subvault_bridge, aquarium_subvault_window,
          aquarium_subvault_wall, aquarium_subvault_wall], aquarium_window_1,
          aquarium_window_fake, aquarium_window_corridor_3, aquarium_view_2f,
          aquarium_view_2g, portal_ice_cave_rime, uniq_grum
D:12:     layout_long_grid
D:13:     layout_rooms, serial_shops, shop
D:14:     kennysheep_funnel, layout_stronghold,
          skrybe_vaults_entry_preservation, nicolae_trove_entry_columns,
          elyvilon_altar_4, minmay_misc_feat_roman, roderic_lattice_a,
          uniq_kirke
D:15:     gammafunk_depths_entry_grave, layout_cross, old_standard_altar,
          billiards_dpeg
Lair:1:   layout_roguey, gauntlet_entry_generic, st_stairs_10,
          infiniplex_staircase_pool, grunt_megastairs_3
Lair:2:   layout_gridlike, nicolae_swamp_entry_splash_gauntlet, serial_forest,
          infiniplex_forest_lined_2, infiniplex_forest_straight_3,
          infiniplex_forest_clump_small, infiniplex_forest_end_3,
          infiniplex_forest_side_room, infiniplex_forest_end_3,
          infiniplex_forest_zigzag_1, infiniplex_forest_lined_4_way,
          lemuel_fruit_tree, lemuel_fruit_fields, serial_bayou_shore_a,
          uniq_urug
Lair:3:   layout_small_grid, nicolae_spider_entry_lesser_pyramids,
          serial_bayou_shore_b
Lair:4:   layout_regular_city, chequers_serial_rivers_micro_b, uniq_nessos
Lair:5:   due_jungle_book, layout_gridlike, slime_entry_1
Swamp:1:  gammafunk_worm_tunnel, layout_basic_swamp,
          evilmike_swamp_ruin_house_3, st_swamp_ruins_2
Swamp:2:  layout_falls_marsh, gammafunk_ghost_hydra_chop,
          evilmike_swamp_ruin_house_4
Swamp:3:  layout_falls_marsh, evilmike_swamp_ruin_rubble_2, uniq_jorgrun
Swamp:4:  byrel_swamp_growth_death_and_undeath, layout_basic_swamp, swamp_pool4,
          infiniplex_staircase_pool_2
Spider:1: layout_cave_pods, guppyfry_spider_mini_2, uniq_roxanne
Orc:1:    layout_caves, nicolae_shop_firing_range
Orc:2:    kennysheep_orc_mage_school, layout_caves, ebering_ghost_disaster_area,
          serial_shops, shop

Skill      XL: |  1  2  3  4  5  6  7  8  9 10 11 12 13 14 15 16 |
---------------+-------------------------------------------------+-----
Maces & Flails | 4 5 6 7 8 10 12 14 16 | 16.0
Armour         | 1 2 3 5 7 9 10 11 13 15 17 18 | 18.9
Fighting       | 8 10 12 14 16 17 | 17.9
Throwing       | 1 5 7 11 | 11.0
Dodging        | 3 5 7 10 11 12 | 12.3
Invocations    | 1 8 10 | 10.0
Shields        | 7 |  7.0
Spellcasting   | |  1.1
Fire Magic     | |  2.3

Action                     |  1- 3 |  4- 6 |  7- 9 | 10-12 | 13-15 | 16-18 || total
---------------------------+-------+-------+-------+-------+-------+-------++-------
  Melee: Mace              |    73 |       |       |       |       |       ||    73
         Headbutt          |    11 |     6 |    36 |   182 |   340 |   166 ||   741
         Whip              |    25 |    71 |   248 |   976 |   386 |       ||  1706
         Punch             |       |       |     1 |     9 |     9 |       ||    19
         Eveningstar       |       |       |       |       |   910 |   432 ||  1342
         Demon whip        |       |       |       |       |       |   111 ||   111
  Throw: Dart              |       |       |     7 |     2 |    22 |       ||    31
         Javelin           |       |       |       |       |     3 |     4 ||     7
 Invoke: Foxfire Swarm     |       |     1 |     1 |       |       |       ||     2
         Heroism           |       |       |       |       |     5 |     2 ||     7
  Evoke: Wand              |       |       |     8 |    23 |     5 |       ||    36
    Use: Scroll            |       |       |    12 |     8 |    15 |     8 ||    43
         Potion            |       |       |     8 |       |     3 |     6 ||    17
   Stab: Paralysed         |       |       |       |     4 |     2 |       ||     6
         Invisible         |       |       |       |       |     2 |       ||     2
         Petrified         |       |       |       |       |     3 |       ||     3
 Armour: Robe              |     4 |       |       |       |       |       ||     4
         Scale mail        |    37 |    16 |     5 |   122 |   150 |    21 ||   351
         Chain mail        |       |       |    70 |       |   315 |   478 ||   863
         Plate armour      |       |       |       |   148 |       |       ||   148
         Leather armour    |       |       |       |     6 |       |       ||     6
         Ring mail         |       |       |       |    48 |       |       ||    48
  Dodge: Dodged            |    39 |    25 |    63 |   241 |   456 |   337 ||  1161
  Block: Other             |       |       |       |    45 |    87 |       ||   132
         Reflection        |       |       |       |     3 |    22 |    10 ||    35
         Buckler           |       |       |       |       |   274 |   371 ||   645
         Form:             |     1 |       |       |       |       |       ||     1
         Dragon            |     1 |       |       |       |       |       ||     1

Table legend: (Time is in decaauts)
 A = Elapsed time spent in this place.
 B = Non-inter-level travel time spent in this place.
 C = Inter-level travel time spent in this place.
 D = Time resting spent in this place.
 E = Time spent auto-exploring this place.
 F = Levels seen in this place.
 G = Mean time per level.
                   A        B        C        D        E       F      G
               +--------+--------+--------+--------+--------+-----+--------+
         Total |  36366 |  33728 |   2638 |   5065 |  22292 |  30 | 1212.2 |
       Dungeon |  18298 |  16893 |   1405 |   1955 |  12430 |  15 | 1219.9 |
          Lair |   9008 |   8211 |    797 |    702 |   5917 |   5 | 1801.6 |
         Swamp |   4216 |   4078 |    138 |   1044 |   2188 |   4 | 1054.0 |
   Spider Nest |     12 |     12 |      0 |      0 |      0 |   1 |   12.0 |
  Orcish Mines |   2093 |   1798 |    295 |    243 |   1078 |   2 | 1046.5 |
         Trove |     65 |     65 |      0 |      0 |      1 |   1 |   65.0 |
        Bailey |   1970 |   1970 |      0 |    699 |    636 |   1 | 1970.0 |
      Ice Cave |    700 |    700 |      0 |    422 |     42 |   1 |  700.0 |
               +--------+--------+--------+--------+--------+-----+--------+

Top non-repeatable levels by time:
    D:10: 2836 daAuts
     D:9: 2564 daAuts
  Lair:2: 2134 daAuts
  Lair:5: 2114 daAuts
    D:14: 1982 daAuts
  Bailey: 1970 daAuts
  Lair:3: 1870 daAuts
     D:5: 1711 daAuts
  Lair:4: 1686 daAuts
    D:15: 1562 daAuts
   Orc:2: 1381 daAuts
  Lair:1: 1202 daAuts
 Swamp:3: 1178 daAuts
 Swamp:4: 1096 daAuts
 Swamp:2: 1069 daAuts
